AoeStats
← CLAY27

Glade

503240546Analyzed
1v1 RM · 1mo ago on Aug 30, 2026· 47m 3s· 2 players
Game mode
Random Map
Map size
Tiny (2 player)
Population
200
Speed
Normal
Resources
Standard
Victory
Conquest
Starting age
Dark Age
Ending age
Imperial Age
RankedLock teamsTeams togetherTeam positionsShared explorationLock speedFull tech treeHidden civsTurbo modeCheats
Victory
Defeat
🇪🇸 Goths · Spain
917
+15
🇲🇽 Vietnamese · Mexico
893
-15
CLAY27
7:46 Loom
10:19 Feudal Age
14:12 Town Watch
16:39 Castle Age
14:54 Double-Bit Axe
14:51 Horse Collar
15:03 Gold Mining
15:07 Stone Mining
19:10 Bow Saw
19:02 Heavy Plow
23:23 Wheelbarrow
22:33 Town Watch
33:57 Imperial Age
32:04 Fletching
32:14 Padded Archer Armor
32:36 Hand Cart
33:09 Bodkin Arrow
33:40 Ballistics
34:33 Town Patrol
35:38 Chemistry
35:15 Leather Archer Armor
35:32 Paper Money
35:52 Bracer
37:27 Hoardings
37:40 Ring Archer Armor
40:56 Scale Barding Armor
41:02 Forging
40:20 Elite Battle Elephant
41:58 Chain Barding Armor
43:02 Iron Casting
esesalga
2:11 Loom
11:40 Feudal Age
13:17 Wheelbarrow
12:28 Horse Collar
13:41 Double-Bit Axe
17:40 Castle Age
17:41 Stone Mining
18:27 Gold Mining
18:39 Heavy Plow
19:35 Bow Saw
20:08 Heavy Plow
24:45 Hand Cart
29:08 Forging
28:59 Scale Mail Armor
28:49 Fletching
29:22 Squires
28:43 Pikeman
29:28 Scale Mail Armor
32:41 Imperial Age
30:38 Town Watch
31:13 Chain Mail Armor
31:40 Iron Casting
30:56 Fletching
32:34 Anarchy
32:47 Elite Huskarl
33:27 Perfusion
33:47 Conscription
34:00 Crop Rotation
33:58 Guilds
35:17 Two-Man Saw
35:32 Blast Furnace
34:32 Halberdier
Connection lost

Rejoining the realm…

Still unreachable

The connection could not be restored.

Session expired

The server has moved on; the page needs a fresh start.